 Dungeon Crawl Stone Soup version 0.25.0-37-gb73750e0fb (webtiles) character file.

Game seed: 5452310065296107153

25 DocSulfur the Ogre Mage (level 3, 31/31 HPs)
             Began as an Ogre Wizard on July 8, 2020.
             Got out of the dungeon alive.
             The game lasted 00:04:03 (943 turns).

DocSulfur the Ogre Mage (Ogre Wizard)                Turns: 943, Time: 00:04:04

Health: 31/31      AC:  3    Str: 11    XL:     3   Next: 4%
Magic:  8/8        EV: 10    Int: 20    God:
Gold:   23         SH:  0    Dex:  7    Spells: 9/10 levels left

rFire    . . .     SeeInvis .   g - +0 mace
rCold    . . .     Gourm    .   (no shield)
rNeg     . . .     Faith    .   a - +0 robe
rPois    .         Spirit   .   b - +0 hat
rElec    .         Reflect  .   (no cloak)
rCorr    .         Harm     .   (gloves unavailable)
MR       .....                  (boots unavailable)
Stlth    +.........             (no amulet)
HPRegen  0.10/turn              (no ring)
MPRegen  0.11/turn              (no ring)

@: no status effects
A: large, unfitting armour, tough skin 1
a: no special abilities


You escaped.
You were not hungry.

You visited 1 branch of the dungeon, and saw 1 of its levels.

You collected 23 gold pieces.

Inventory:

Hand Weapons
 g - a +0 mace (weapon)
Missiles
 j - 2 throwing nets (quivered)
Armour
 a - a +0 robe (worn)
 b - a +0 hat (worn)
Scrolls
 c - a scroll of fear {unknown}
 e - 2 scrolls of remove curse {unknown}
 k - a scroll of identify {unknown}
 l - a scroll of magic mapping {unknown}
Potions
 h - a potion of curing {unknown}
 i - a potion of heal wounds {unknown}
Comestibles
 d - 2 rations


   Skills:
 * Level 1.1 Maces & Flails
 - Level 1.7 Dodging
 - Level 1.4 Stealth
 - Level 4.0 Spellcasting
 - Level 1.7 Conjurations
   Level 0.8 Summonings
   Level 0.8 Translocations


You had 9 spell levels left.
You knew the following spells:

 Your Spells              Type           Power        Failure   Level  Hunger
a - Magic Dart            Conj           ##..         6%          1    None

Your spell library contained the following spells:

 Spells                   Type           Power        Failure   Level  Hunger
 Blink                    Tloc           N/A          14%         2    #......
 Call Imp                 Summ           #.......     14%         2    #......
 Slow                     Hex            #.......     19%         2    #......
 Conjure Flame            Conj/Fire      #.......     26%         3    ###....
 Mephitic Cloud           Conj/Pois/Air  #.......     30%         3    ###....


Dungeon Overview and Level Annotations

Branches:
Dungeon (1/15)

Altars:


Innate Abilities, Weirdness & Mutations

You are too large for most types of armour.
You have tough skin. (AC +1)


Message History

Aiming: Magic Dart (safe; 6% risk of failure)
Press: ? - help, Shift-Dir - straight line, f - rat
Aim: a rat The magic dart hits the rat.
The rat is heavily wounded.
You hit the rat.
You kill the rat!
There is an open door here.
You see here a jackal skeleton.
There is an open door here.
You see here a jackal skeleton.
Some of the chunks of flesh in your inventory have rotted away.
There is an open door here.
You see here a jackal skeleton.
There is an open door here.
All of the chunks of flesh in your inventory have rotted away.
There is a staircase leading out of the dungeon here.
You can't go down here!
Are you sure you want to leave the Dungeon?
This will make you lose the game!
You have escaped!

...####.........####...#.#
.........................#
.......................###
#..#.#####.#####.#..#.###
#..#.# #.# .#......#
...###.###.###.###..###.#
......>#.....#>.....# #.#
...###.###.###.###..###.#
...#.# #.# #@#....#.#
...#.#####.#####.#.##.#.#
##.#......>......#.##.#.#
...###.#######.###......#
.....#.# ... #.#...##.###
...###.###.###.###....#
...#..>..#.#..>..#.####
...#.###.#.#.###.#.#
#..#.#.#.#.#.#.#.#.#


There were no monsters in sight!

Vanquished Creatures
  3 dart slugs (D:1)
  A ball python (D:1)
  A goblin (D:1)
  5 jackals (D:1)
  A kobold (D:1)
  A bat (D:1)
  6 frilled lizards (D:1)
  A rat (D:1)
19 creatures vanquished.

Notes
Turn   | Place    | Note
-------+----------+-------------------------------------------
     0 | D:1      | DocSulfur the Ogre Wizard began the quest for the Orb.
     0 | D:1      | Reached XP level 1. HP: 16/16 MP: 5/5
    87 | D:1      | Reached skill level 1 in Conjurations
   183 | D:1      | Reached XP level 2. HP: 22/24 MP: 1/6
   390 | D:1      | Reached skill level 4 in Spellcasting
   698 | D:1      | Reached skill level 1 in Maces & Flails
   698 | D:1      | Reached XP level 3. HP: 26/31 MP: 1/8
   943 | D:$      | Got out of the dungeon alive.

Illustrated notes

Levels and vault maps discovered:
D:1:      evilmike_arrival_hilbert_curve, layout_loops_corners,
          palyth_stone_intersect

Skill      XL: |  1  2 |
---------------+-------+-----
Conjurations   | 1 |  1.7
Spellcasting   | 4 |  4.0
Maces & Flails | 1 |  1.1
Dodging        | |  1.7
Stealth        | |  1.4
Summonings     | |  0.8
Translocations | |  0.8

Action                   || total
-------------------------++-------
Melee: Mace              ||    21
 Cast: Magic Dart        ||    35
Armor: Robe              ||    12
Dodge: Dodged            ||    13
